 Dungeon Crawl Stone Soup version 0.19-a0-599-g723c685 (webtiles) character file.

134709 epen the Bewitcher (level 16, -9/84 HPs)
             Began as a Spriggan Enchanter on June 11, 2016.
             Was an Initiate of Gozag.
             Killed from afar by a thorn hunter (25 damage)
             ... with a volley of thorns
             ... on level 3 of the Swamp.
             The game lasted 01:24:19 (33196 turns).

epen the Bewitcher (Spriggan Enchanter)            Turns: 33196, Time: 01:24:21

Health: -9/84      AC: 12    Str: 12    XL:     16   Next: 62%
Magic:  2/33       EV: 34    Int: 23    God:    Gozag
Gold:   2136       SH: 14    Dex: 36    Spells: 6 memorised, 26 levels left

rFire  + . .     SeeInvis +     N - +8 dagger of Compulsion {pierce, rElec rN+}
rCold  + . .     Gourm    .     a - quicksilver dragon armour
rNeg   + + .     Faith    .     R - +3 warlock's mirror {reflect}
rPois  .         Spirit   .     (helmet restricted)
rElec  +         Dismiss  .     M - +2 cloak "Kyiterr" {*Drain rN+ Str+4 Dex+8}
rCorr  .         Reflect  +     (gloves unavailable)
SustAt .         Harm     .     (boots unavailable)
MR     +++..     Clarity  +     z - amulet of magic regeneration
Stlth  ++++++++..               Q - ring of Veego {+Blink rC+ Str+4 Int+6 Dex+7}
                                P - ring of protection from fire

@: very slightly contaminated, very quick, extremely resistant to hostile
enchantments, extraordinarily stealthy
A: unfitting armour, see invisible, clarity, dopey 1, herbivore 3, speed 3, slow
metabolism 2, evolution 1
a: Potion Petition, Call Merchant, Bribe Branch, Renounce Religion, Evoke Blink


You were on level 3 of the Swamp.
You worshipped Gozag.
Gozag was noncommittal.
You were not hungry.

You visited 4 branches of the dungeon, and saw 26 of its levels.
You also visited: Ice Cave and Volcano.

You collected 11493 gold pieces.
You spent 4721 gold pieces at shops.
You paid 4636 gold pieces to Gozag.

Inventory:

Hand Weapons
 s - the +7 dagger of Qinoopt {pierce, rF+ Str+2 Dex+4}
   (You bought it in a shop on level 2 of the Orcish Mines)

   It inflicts extra damage upon your enemies.
   It affects your strength (+2).
   It affects your dexterity (+4).
   It protects you from fire.
 C - a +5 blowgun
 N - the +8 dagger of Compulsion (weapon) {pierce, rElec rN+}
   (You found it on level 7 of the Dungeon)

   It inflicts extra damage upon your enemies.
   It insulates you from electricity.
   It protects you from negative energy.
Armour
 a - a quicksilver dragon armour (worn)
 G - a +2 robe of cold resistance
 M - the +2 cloak "Kyiterr" (worn) {*Drain rN+ Str+4 Dex+8}
   (You bought it in a shop on level 9 of the Dungeon)

   It affects your strength (+4).
   It affects your dexterity (+8).
   It protects you from negative energy.
   It causes draining when unequipped.
 R - the +3 warlock's mirror (worn) {reflect}
   (You bought it in a shop on level 5 of the Dungeon)
Jewellery
 e - an uncursed ring of resist corrosion
 z - an amulet of magic regeneration (around neck)
 P - a ring of protection from fire (left hand)
 Q - the ring of Veego (right hand) {+Blink rC+ Str+4 Int+6 Dex+7}
   (You bought it in a shop on level 9 of the Dungeon)

   [ring of intelligence]

   It affects your strength (+4).
   It affects your intelligence (+6).
   It affects your dexterity (+7).
   It protects you from cold.
   It lets you blink.
 X - an uncursed amulet of dismissal {unknown}
 Y - an uncursed ring of stealth
Wands
 H - a wand of disintegration (2/24)
 K - a wand of digging (22/24)
 L - a wand of acid (2/15)
 W - a wand of disintegration (16/24)
Scrolls
 f - 7 scrolls of enchant weapon
 g - 13 scrolls of remove curse
 i - 4 scrolls of fog
 l - 4 scrolls of teleportation
 q - a scroll of magic mapping
 r - a scroll of recharging
 x - a scroll of enchant armour
 y - 7 scrolls of blinking
 F - a scroll of vulnerability {unknown}
 O - 4 scrolls of fear
 S - 3 scrolls of amnesia
 T - 4 scrolls of identify
Potions
 b - 2 potions of flight
 h - 2 potions of brilliance
 j - 2 potions of cancellation
 m - 5 potions of haste
 n - 11 potions of curing
 p - 3 potions of berserk rage
 t - a potion of invisibility
 u - 5 potions of cure mutation
 D - 2 potions of agility
 J - 5 potions of might
 U - a potion of resistance
 Z - a potion of magic
Books
 c - a book of Maledictions

   Spells                             Type                      Level
   a - Corona                         Hexes                        1
   b - Ensorcelled Hibernation        Hexes/Ice                    2
   c - Confuse                        Hexes                        3
   d - Tukima's Dance                 Hexes                        3
   e - Dazzling Spray                 Conjuration/Hexes            3
 k - a book of Spatial Translocations

   Spells                             Type                      Level
   a - Apportation                    Translocation                1
   b - Blink                          Translocation                2
   c - Shroud of Golubria             Charms/Translocation         2
   d - Portal Projectile              Translocation                3
   e - Teleport Other                 Translocation                3
   f - Passage of Golubria            Translocation                4
 o - a book of Flames

   Spells                             Type                      Level
   a - Flame Tongue                   Conjuration/Fire             1
   b - Throw Flame                    Conjuration/Fire             2
   c - Conjure Flame                  Conjuration/Fire             3
   d - Inner Flame                    Hexes/Fire                   3
   e - Sticky Flame                   Conjuration/Fire             4
   f - Fireball                       Conjuration/Fire             5
 A - a book of Summonings

   Spells                             Type                      Level
   a - Recall                         Summoning/Translocation      3
   b - Aura of Abjuration             Summoning                    5
   c - Summon Demon                   Summoning                    5
   d - Summon Forest                  Summoning/Translocation      5
   e - Summon Mana Viper              Hexes/Summoning              5
   f - Shadow Creatures               Summoning                    6
 B - a book of Geomancy

   Spells                             Type                      Level
   a - Sandblast                      Earth                        1
   b - Passwall                       Transmutation/Earth          2
   c - Stone Arrow                    Conjuration/Earth            3
   d - Petrify                        Transmutation/Earth          4
   e - Lee's Rapid Deconstruction     Earth                        5
Miscellaneous
 E - a lamp of fire
Comestibles
 d - 5 bread rations
 v - 22 royal jellies
 w - 27 fruits
 V - a slice of pizza


   Skills:
 + Level 9.5 Fighting
 + Level 11.8 Short Blades
 + Level 7.7 Throwing
 + Level 14.5 Dodging
 + Level 16.2 Stealth
 - Level 7.6 Shields
 + Level 12.5 Spellcasting
 * Level 17.0 Hexes
 + Level 4.8 Translocations


You had 26 spell levels left.
You knew the following spells:

 Your Spells              Type           Power        Failure   Level  Hunger
a - Apportation           Tloc           #####.....   1%          1    None
b - Ensorcelled Hibernat  Hex/Ice        ######       1%          2    None
c - Confuse               Hex            #######.     1%          3    None
d - Tukima's Dance        Hex            #######.     1%          3    None
e - Dazzling Spray        Conj/Hex       ######       1%          3    None
f - Blink                 Tloc           N/A          1%          2    None


Dungeon Overview and Level Annotations

Branches:
Dungeon (15/15)            Temple (0/1) D:6            Lair (6/6) D:8
  Swamp (3/4) Lair:2        Snake (0/4) Lair:3        Slime (0/5) Lair:5
    Orc (2/2) D:12            Elf (0/3) Orc:2        Vaults (0/5) D:14
 Depths (0/5) D:15

Altars:
Ashenzari
Dithmenos
Fedhas
Gozag
Hepliaklqana
Makhleb
Nemelex Xobeh
Okawaru
Pakellas
Trog
Uskayaw
Vehumet
Xom
Yredelemnul
Zin
Jiyva

Shops:
D:5 [   D:6 =   D:9 ([[(=   D:14 (   Orc:2 *[=(

Portals:
Hell: Lair:6

Annotations:
Swamp:3 Kirke


Innate Abilities, Weirdness & Mutations

You are tiny and cannot use many weapons and most armour.
You have supernaturally acute eyesight. (SInv)
You are a herbivore.
You cover ground extremely quickly.
You need consume almost no food.
You possess an exceptional clarity of mind.
You are dopey. (Int -2)
You evolve.


Message History

The briar patch crumbles away. x2
The thorn hunter gestures.
You hit the thorn hunter but do no damage.
The thorn hunter is lightly damaged.
The thorn hunter fires a volley of thorns at you.
The volley of thorns hits you!
* * * LOW HITPOINT WARNING * * *
You feel much better.
The briar patch crumbles away. x4
The thorn hunter fires a volley of thorns at you.
The volley of thorns hits you!
* * * LOW HITPOINT WARNING * * *
Blink to where?
Press: ? - help, Dir - move target cursor, p - thorn hunter You are very lightly contaminated with residual magic.
As you read the scroll of blinking, it crumbles to dust.
The briar patch crumbles away.
The thorn hunter fires a volley of thorns at you.
The volley of thorns hits you!
You die...
Your body crumbles into a pile of gold.

♣♣≈♣♣ ♣PP≈♣♣♣♣♣ ♣P.P§...♣
≈≈.. ♣.≈≈≈≈§.♣ $≈≈≈
♣♣♣♣♣.≈≈≈.f.♣ ≈≈≈≈
♣.P...≈≈≈..≈♣♣ ≈≈@≈
♣≈PP≈≈≈≈.....♣ ♣♣♣♣ ..f.
♣♣.≈≈≈≈§...≈.♣♣♣.≈♣♣♣≈...
♣≈≈≈≈≈.@).>≈.♣≈≈≈$.≈.≈≈≈
♣♣.≈≈≈.≈≈≈≈≈..$≈.≈.$.≈≈≈≈
♣≈.≈≈.♣.≈≈≈≈..$≈≈.$.≈≈≈≈≈
♣♣.≈.♣♣.≈≈≈≈..§≈≈≈≈..≈≈≈≈
♣≈..♣♣..≈...§.≈♣♣♣≈≈≈≈≈≈
♣♣...≈≈.....≈≈≈.♣.♣♣♣≈...
♣..≈..≈≈.≈≈≈≈≈≈≈..♣ ..♣♣
♣≈...≈≈≈.≈≈≈≈≈≈...♣ ♣♣♣
♣...§≈...≈≈≈≈≈§..♣♣ ♣♣♣


You could see a thorn hunter.

Vanquished Creatures
  Jorgrun (Swamp:3)
  A thorn hunter (Swamp:3)
  An orc warlord (Orc:2)
  A frost giant (IceCv)
  A juggernaut skeleton (D:15)
  Josephine (Lair:5)
  Erolcha (D:10)
  A quicksilver dragon zombie (D:15)
  The ghost of zero the Basher, a journeyman GrBe of Trog (D:12)
  16 hydras
  An ogre mage (D:14)
  A centaur warrior (D:14)
  5 alligators
  A death knight (D:15)
  A death yak (IceCv)
  2 tengu warriors (D:15)
  A vampire mage (D:15)
  3 orc high priests (Orc:2)
  A storm dragon zombie (D:15)
  A sun demon (Lair:6)
  7 spriggans
  2 skeletal warriors
  A fire crab (Lair:6)
  3 unseen horrors
  A swamp dragon (Swamp:2)
  4 hill giants
  A shambling mangrove (Swamp:2)
  5 orc knights (Orc:2)
  A wolf spider zombie (D:15)
  A deep elf mage (D:13)
  2 necromancers
  A hornet (Swamp:2)
  3 cyclopes
  2 griffons
  A stone giant zombie (D:15)
  4 orc sorcerers
  2 wizards
  3 ugly things (Swamp:1)
  A sphinx skeleton (Volcano)
  A sixfirhy (Lair:6)
  A manticore (shapeshifter) (D:15)
  5 black mambas
  11 elephants
  13 spiny frogs
  2 torpor snails
  An ice statue (IceCv)
  2 gargoyles (D:13)
  11 komodo dragons
  4 orange demons (Lair:6)
  8 rime drakes
  5 yaktaurs (D:14)
  4 ice devils (Lair:6)
  A hellwing (Lair:6)
  2 freezing wraiths
  2 queen bees
  2 guardian mummies
  14 polar bears
  3 meliai (D:13)
  3 giant leeches
  Grinder (D:5)
  4 two-headed ogres
  6 slime creatures
  14 trolls
  A minotaur skeleton (Volcano)
  Prince Ribbit (D:7)
  A boulder beetle (Lair:6)
  12 blink frogs
  8 bog bodies
  A meliai zombie (D:13)
  An air elemental (D:11)
  3 shadows
  2 water elementals
  2 vampires (Volcano)
  Eustachio (D:6)
  4 basilisks
  9 wraiths
  3 wyverns
  A fire elemental (D:11)
  115 yaks
  6 hogs (Swamp:3)
  A hill giant skeleton (Volcano)
  10 hippogriffs
  3 hungry ghosts
  17 insubstantial wisps
  A warg (Orc:2)
  9 vampire mosquitoes
  3 nagas (Lair:3)
  11 swamp worms
  A hell hound (Lair:6)
  2 merfolk skeletons (Volcano)
  9 porcupines
  Duvessa (D:6)
  17 water moccasins
  A water moccasin (shapeshifter) (D:13)
  34 orc warriors
  4 black bears
  2 phantoms
  8 swamp drakes
  3 sky beasts
  3 ice beasts
  An eye of draining (D:9)
  12 wasps
  21 ogres
  14 crocodiles
  24 wolves
  8 centaurs
  2 big kobolds
  15 giant frogs
  An earth elemental (D:11)
  Dowan (D:6)
  2 wyvern zombies
  2 wyvern skeletons
  3 scorpions
  A water moccasin skeleton (D:8)
  50 killer bees
  3 troll skeletons (Volcano)
  8 wights
  14 crimson imps
  A quasit (D:13)
  Crazy Yiuf (D:7)
  5 hounds
  8 jellies
  10 centaur skeletons
  13 orc priests
  10 iguanas
  24 orc wizards
  10 worker ants
  2 yak simulacra (Lair:4)
  2 polar bear simulacra (Lair:4)
  4 sheep
  5 wolf simulacra (Lair:4)
  3 naga skeletons (Volcano)
  3 mummies (Volcano)
  4 worker ant zombies
  8 adders
  2 gnolls (D:9)
  20 river rats
  2 shadow imps
  A white imp (D:7)
  An ooze (D:2)
  2 adder zombies
  6 worms
  3 dart slugs
  3 giant geckos
  91 orcs
  7 giant cockroaches
  10 goblins
  6 hobgoblins
  14 jackals
  6 quokkas
  4 bats
  A giant gecko skeleton (D:4)
  7 giant newts
  A jackal zombie (D:7)
  17 kobolds
  A quokka zombie (D:8)
  4 rats
  2 river rat simulacra (Lair:4)
  A withered plant (D:15)
1025 creatures vanquished.

Vanquished Creatures (collateral kills)
  A killer bee (D:8)
1 creature vanquished.

Vanquished Creatures (others)
  A centaur zombie (D:12)
  A bog body (Swamp:1)
  A killer bee (D:9)
  An orc (Orc:1)
  13 fungi
  13 plants
  5 toadstools (Swamp:3)
35 creatures vanquished.

Grand Total: 1061 creatures vanquished

Notes
Turn   | Place    | Note
--------------------------------------------------------------
     0 | D:1      | epen the Spriggan Enchanter began the quest for the Orb.
     0 | D:1      | Reached XP level 1. HP: 9/9 MP: 5/5
   480 | D:1      | Reached XP level 2. HP: 13/13 MP: 3/6
   522 | D:1      | Learned a level 2 spell: Ensorcelled Hibernation
   719 | D:1      | Reached skill level 4 in Hexes
   945 | D:1      | Reached XP level 3. HP: 8/17 MP: 8/8
  1066 | D:1      | Reached skill level 5 in Stealth
  1440 | D:2      | Reached XP level 4. HP: 21/21 MP: 4/9
  1849 | D:2      | Reached skill level 1 in Fighting
  2014 | D:2      | Learned a level 3 spell: Confuse
  2018 | D:2      | Learned a level 3 spell: Tukima's Dance
  2197 | D:3      | Found an iron altar of Okawaru.
  2343 | D:3      | Reached XP level 5. HP: 12/25 MP: 1/11
  3196 | D:3      | Reached skill level 5 in Hexes
  3482 | D:4      | Reached XP level 6. HP: 30/30 MP: 11/13
  3490 | D:4      | Learned a level 3 spell: Dazzling Spray
  3986 | D:4      | Reached skill level 5 in Dodging
  3986 | D:4      | Reached XP level 7. HP: 35/35 MP: 14/14
  4051 | D:5      | Entered Level 5 of the Dungeon
  4499 | D:5      | Reached skill level 6 in Hexes
  4510 | D:5      | Found a sparkling altar of Nemelex Xobeh.
  4630 | D:5      | Found a basalt altar of Yredelemnul.
  4634 | D:5      | Found an oddly glowing altar of Pakellas.
  4639 | D:5      | Found an opulent altar of Gozag.
  4647 | D:5      | Became a worshipper of Gozag Ym Sagoz the Greedy
  4712 | D:5      | Noticed Grinder
  4722 | D:5      | Killed Grinder
  4722 | D:5      | Reached skill level 5 in Spellcasting
  4722 | D:5      | Reached XP level 8. HP: 33/39 MP: 11/16
  4768 | D:5      | Found Ubysony's Antique Armour Shoppe.
  5184 | D:6      | Noticed Eustachio
  5231 | D:6      | Killed Eustachio
  5231 | D:6      | Reached skill level 7 in Hexes
  5375 | D:6      | Found a hide-covered altar of Uskayaw.
  5463 | D:6      | Found Keita's Jewellery Emporium.
  5487 | D:6      | Reached skill level 1 in Shields
  5688 | D:6      | Found a bloodstained altar of Trog.
  5695 | D:6      | Reached XP level 9. HP: 25/44 MP: 8/18
  5720 | D:6      | Reached skill level 8 in Hexes
  5786 | D:6      | Found a staircase to the Ecumenical Temple.
  5836 | D:6      | Noticed Dowan
  5837 | D:6      | Noticed Duvessa
  5844 | D:6      | Killed Duvessa
  5850 | D:6      | Killed Dowan
  5915 | D:6      | Reached skill level 5 in Short Blades
  6191 | D:7      | Noticed Crazy Yiuf
  6197 | D:7      | Killed Crazy Yiuf
  6280 | D:7      | Found a radiant altar of Vehumet.
  6491 | D:7      | Got a polished dagger
  6501 | D:7      | Found a blossoming altar of Fedhas.
  6632 | D:7      | Noticed Prince Ribbit
  6637 | D:7      | Killed Prince Ribbit
  6763 | D:7      | Reached skill level 9 in Hexes
  6956 | D:7      | Identified the +8 dagger of Compulsion {pierce, rElec rN+} (You found it on level 7 of the Dungeon)
  7033 | D:8      | Found a hazy altar of Hepliaklqana.
  7293 | D:8      | Reached XP level 10. HP: 17/51 MP: 8/21
  7810 | D:8      | Found a staircase to the Lair.
  7901 | D:8      | Reached skill level 10 in Hexes
  8108 | D:9      | Found a shimmering altar of Xom.
  8108 | D:9      | Found a glowing silver altar of Zin.
  8108 | D:9      | Noticed an angel
  8230 | D:9      | Found a shattered altar of Ashenzari.
  8283 | D:9      | Reached skill level 5 in Fighting
  8422 | D:9      | Reached skill level 10 in Stealth
  8485 | D:9      | Noticed a cyclops
  8756 | D:9      | Killed a cyclops
  8935 | D:9      | Reached XP level 11. HP: 50/56 MP: 15/23
  9187 | D:9      | Reached skill level 11 in Hexes
  9378 | D:9      | Found an iron altar of Okawaru.
  9541 | D:10     | Entered Level 10 of the Dungeon
  9773 | D:10     | Noticed Erolcha
  9794 | D:10     | Killed Erolcha
 10258 | D:11     | Noticed a four-headed hydra
 10317 | D:11     | Killed a four-headed hydra
 10881 | D:11     | Found a large runed door.
 10882 | D:11     | Found a large runed door.
 11533 | D:5      | Bought the +3 warlock's mirror {reflect} for 883 gold pieces
 11655 | Lair:1   | Entered Level 1 of the Lair of Beasts
 11692 | Lair:1   | Reached skill level 5 in Shields
 11734 | Lair:1   | Reached skill level 10 in Dodging
 12258 | Lair:1   | Reached skill level 12 in Hexes
 12345 | Lair:1   | Reached XP level 12. HP: 61/61 MP: 16/25
 12915 | Lair:2   | Noticed a seven-headed hydra
 12924 | Lair:2   | Killed a seven-headed hydra
 12995 | Lair:2   | Found a staircase to the Swamp.
 13052 | Lair:2   | Found a dark tunnel.
 13060 | Volcano  | Entered a volcano
 13519 | Lair:2   | Noticed a five-headed hydra
 13535 | Lair:2   | Killed a five-headed hydra
 14556 | Lair:2   | Gained mutation: You can translocate small distances at will. [potion of beneficial mutation]
 14557 | Lair:2   | Gained mutation: You evolve. [potion of beneficial mutation]
 14729 | Lair:3   | Reached skill level 13 in Hexes
 14972 | Lair:3   | Noticed a six-headed hydra
 14975 | Lair:3   | Killed a six-headed hydra
 15062 | Lair:3   | Found a basalt altar of Yredelemnul.
 15181 | Lair:3   | Found a staircase to the Snake Pit.
 15283 | Lair:3   | Reached XP level 13. HP: 66/66 MP: 13/27
 15400 | Lair:3   | Reached skill level 1 in Throwing
 16350 | Lair:4   | Reached skill level 10 in Spellcasting
 17169 | Lair:5   | Noticed Josephine
 17413 | Lair:5   | Killed Josephine
 17816 | Lair:5   | Found a viscous altar of Jiyva.
 17817 | Lair:5   | Found a staircase to the Slime Pits.
 17939 | Lair:6   | Entered Level 6 of the Lair of Beasts
 18084 | Lair:5   | Lost mutation: You can translocate small distances at will. [evolution]
 19238 | Lair:6   | Reached XP level 14. HP: 65/72 MP: 29/29
 19263 | Lair:6   | Reached skill level 14 in Hexes
 19637 | Lair:6   | Found a burning altar of Makhleb.
 19993 | Lair:6   | Found a gateway to Hell.
 21555 | D:9      | Bought a shimmering cloak for 275 gold pieces
 21555 | D:9      | Identified the +2 cloak "Kyiterr" {*Drain rN+ Str+4 Dex+8} (You bought it in a shop on level 9 of the Dungeon)
 21571 | D:9      | Bought the ring of Veego {+Blink rC+ Str+4 Int+6 Dex+7} for 1221 gold pieces
 21658 | D:12     | Noticed zero's ghost (journeyman GrBe)
 21667 | D:12     | Killed zero's ghost
 21763 | D:12     | Reached skill level 10 in Short Blades
 22534 | D:12     | Gained mutation: You are dopey. (Int -2) [evolution]
 22548 | D:12     | Found a staircase to the Orcish Mines.
 22685 | Orc:1    | Entered Level 1 of the Orcish Mines
 22691 | Orc:1    | Found a frozen archway.
 22697 | IceCv    | Entered an ice cave
 23151 | IceCv    | Reached skill level 5 in Throwing
 23741 | IceCv    | Reached skill level 15 in Hexes
 23851 | IceCv    | Noticed a frost giant
 23855 | IceCv    | Killed a frost giant
 23872 | IceCv    | Learned a level 1 spell: Apportation
 24390 | Orc:1    | Reached XP level 15. HP: 77/77 MP: 27/31
 24702 | Orc:2    | Entered Level 2 of the Orcish Mines
 24702 | Orc:2    | Found Garug's Antique Weapon Emporium.
 24702 | Orc:2    | Noticed an orc warlord
 24773 | Orc:2    | Found a staircase to the Elven Halls.
 24775 | Orc:2    | Found Mosow's Antique Armour Boutique.
 25201 | Orc:2    | Found Ohyneut's Jewellery Emporium.
 25213 | Orc:2    | Killed an orc warlord
 25469 | Orc:2    | Found Tet Woimn's General Store.
 25499 | Orc:2    | Gained mutation: You possess an exceptional clarity of mind. [evolution]
 25572 | Orc:2    | Bought a scroll of magic mapping for 49 gold pieces
 25937 | Orc:2    | Bought an iridescent dagger for 161 gold pieces
 25937 | Orc:2    | Identified the +7 dagger of Qinoopt {pierce, rF+ Str+2 Dex+4} (You bought it in a shop on level 2 of the Orcish Mines)
 26223 | D:9      | Bought a runed blowgun for 92 gold pieces
 27513 | D:13     | Reached skill level 15 in Stealth
 27643 | D:14     | Found a viscous altar of Jiyva.
 27665 | D:14     | Identified Uhaf's Incunabulum of the Shifting Rocks
 27943 | D:14     | Learned a level 2 spell: Blink
 28165 | D:14     | Reached skill level 16 in Hexes
 28219 | D:14     | Found a gate to the Vaults.
 28452 | D:14     | Found Qioqe's Weapon Boutique.
 28468 | D:14     | Reached skill level 1 in Translocations
 28576 | D:15     | Entered Level 15 of the Dungeon
 28576 | D:15     | Found a staircase to the Depths.
 28676 | D:15     | Found a blossoming altar of Fedhas.
 28909 | D:15     | Found a shadowy altar of Dithmenos.
 29792 | D:15     | Identified a scroll of acquirement
 29912 | D:12     | Reached XP level 16. HP: 84/84 MP: 30/33
 30034 | D:9      | Bought a quicksilver dragon armour for 2040 gold pieces
 30152 | Swamp:1  | Entered Level 1 of the Swamp
 32367 | Swamp:3  | Noticed a thorn hunter
 32811 | Swamp:3  | Noticed a thorn hunter
 32830 | Swamp:3  | Killed a thorn hunter
 33021 | Swamp:3  | Noticed Kirke
 33095 | Swamp:3  | Noticed a thorn hunter
 33097 | Swamp:3  | Noticed Jorgrun
 33122 | Swamp:3  | Killed Jorgrun
 33122 | Swamp:3  | Reached skill level 17 in Hexes
 33196 | Swamp:3  | Killed from afar by a thorn hunter

Vault maps used:
D:1:      scummos_arrival_gate
D:3:      lemuel_doored_altar
D:4:      first_bread, minmay_misc_feat_columns
D:5:      nicolae_overflow_crystal_walls, minmay_overflow_temple_star_quad,
          serial_shops, nicolae_shop_temple_entry_statues_fountains,
          uniq_grinder
D:6:      trog_ov_bears_minmay, eat_drink_and_be_merry_uskayaw, temple_hall,
          serial_shops, shop, uniq_eustachio, uniq_duvessa
D:7:      lemuel_crystal_altar, basic_altar, minmay_nine_imps,
          uniq_prince_ribbit1, uniq_crazy_yiuf_cottage
D:8:      lemuel_crystal_altar, david_lair_shrubbed
D:9:      grunt_temple_overflow_order_and_chaos_1, cheibrodos_ashenzari_chains,
          david_nohive_1, okawaru_altar_gauntlet_db
D:10:     kennysheep_generic_room_9, uniq_erolcha
D:11:     st_stairs_11, lightli_elemental_guards
D:12:     david_orc_4, lemuel_flamethrower_hall
D:13:     special_room, lightli_corner_chamber
D:14:     hangedman_vaults_entry_quadrant_bands, nicolae_twisting_strands,
          serial_shops, nicolae_shop_temple_entry_statues_fountains,
          minivault_23, jiyva_altar_1
D:15:     gammafunk_depths_entry_grave, basic_altar, kennysheep_flooded_box,
          nicolae_dithmenos_shadow_blocks
Lair:1:   serial_bayou_pond_d
Lair:2:   swamp_mist_pool, nicolae_volcano_entry_lava_flow
Lair:3:   guppyfry_snake_entry_garden, basic_altar, lemuel_fruit_tree,
          serial_bayou_shore_b, serial_bayou_shore_b
Lair:4:   eino_house_with_fridge
Lair:5:   dpeg_slime_entry_enclosed_altar, grunt_megastairs_4, uniq_josephine
Lair:6:   evil_forest, serial_bayou_shore_a, lemuel_fruit_fields
Swamp:1:  evilmike_swamp_ruin_house_3, swamp_pool3, hangedman_swamp_wriggling,
          infiniplex_staircase_pool
Swamp:2:  nicolae_swamp_trees_clearing
Swamp:3:  cheibrodos_swamp_tower_of_moss, hangedman_swamp_ruin_wall,
          uniq_nikola, uniq_kirke, uniq_jorgrun
Orc:1:    portal_ice_cave_entry_pillars_1, nicolae_orc_crystal_geode
Orc:2:    grunt_orc_gardens, grunt_orc_garden, grunt_orc_garden,
          grunt_orc_garden, grunt_orc_garden
IceCv:    ice_cave_caverns_01
Volcano:  volcano_tomb

Skill      XL: |  1  2  3  4  5  6  7  8  9 10 11 12 13 14 15 16 |
---------------+-------------------------------------------------+-----
Spellcasting   | 3 4 5 6 7 8 9 10 11 12 | 12.5
Hexes          | 4 5 6 7 9 10 12 13 15 16 17 | 17.0
Stealth        | 5 6 7 8 9 10 11 12 13 14 15 16 | 16.2
Fighting       | 1 2 3 4 5 6 7 8 9 |  9.5
Short Blades   | 2 3 4 5 6 7 8 9 10 11 | 11.8
Dodging        | 4 5 6 7 9 10 11 12 13 14 | 14.5
Shields        | 1 2 3 5 6 7 |  7.6
Throwing       | 3 5 6 7 |  7.7
Translocations | 2 4 |  4.8

Action                   |  1- 3 |  4- 6 |  7- 9 | 10-12 | 13-15 | 16-18 || total
-------------------------+-------+-------+-------+-------+-------+-------++-------
Melee: Dagger            |   123 |   159 |   212 |   749 |  1602 |   406 ||  3251
       Rapier            |       |       |   109 |       |       |       ||   109
Throw: Throwing net      |       |       |       |       |     1 |       ||     1
 Cast: Corona            |    13 |     1 |       |       |       |       ||    14
       Ensorcelled Hiber |    16 |    24 |     2 |    19 |     5 |       ||    66
       Confuse           |       |     8 |    42 |   172 |   378 |    82 ||   682
       Dazzling Spray    |       |       |     5 |    19 |    61 |    32 ||   117
Invok: Call Merchant     |       |       |       |       |     5 |       ||     5
Evoke: Wand              |       |       |       |       |     1 |       ||     1
  Use: Scroll            |       |       |    11 |    16 |    10 |     2 ||    39
       Potion            |       |       |       |     2 |     2 |     3 ||     7
 Stab: Sleeping          |    20 |    37 |    36 |    54 |    92 |    13 ||   252
       Confused          |       |     8 |    23 |    94 |   242 |    40 ||   407
       Distracted        |       |       |     5 |     4 |    23 |     3 ||    35
       Invisible         |       |       |     7 |       |    14 |     5 ||    26
       Held in net/web   |       |       |       |       |     1 |       ||     1
  Eat: Bread ration      |       |     1 |     1 |     2 |     2 |     1 ||     7
       Royal jelly       |       |       |     1 |       |       |       ||     1
       Fruit             |       |       |       |       |     1 |       ||     1
Armor: Robe              |    10 |     8 |    27 |    25 |    22 |       ||    92
       Quicksilver drago |       |       |       |       |       |    19 ||    19
Dodge: Dodged            |    85 |    89 |   225 |   372 |   638 |   145 ||  1554
Block: Buckler           |       |       |       |   106 |   626 |   153 ||   885
       Reflection        |       |       |       |       |    15 |     5 ||    20
